Map: Ephemeron LE

Players

Special - Winner!

  • Race: Terran Terran
  • League: Master
  • Spawn Location: 5:00

PtitDrogo

  • Race: Protoss Protoss
  • League: Grandmaster
  • Spawn Location: 11:00

Event: HomeStory Cup XX

VOD

Have the link to the VOD?

Description

Time

  • Played on: Nov. 22, 2019, 10:26 a.m.
  • Length: 11:16

All games in this series

Show
View Real Time Build Order
Export as new Build Order

Special Terran - Winner!

Build Orders:  

Get SALT Encoding   

  12  0:00  SCV  
  13  0:12  SCV  
  14  0:17  Supply Depot  
  14  0:24  SCV  
  15  0:38  SCV  
  15  0:40  Barracks  
  16  0:43  Refinery  
  16  0:50  SCV  
  17  1:02  SCV  
  18  1:14  SCV  
  19  1:28  Marine, Orbital Command  
  20  1:46  Command Center  
  20  1:52  Factory  
  20  1:55  Marine  
  20  1:58  SCV  
  22  2:05  Supply Depot  
  22  2:10  SCV  
  22  2:13  Refinery  
  23  2:16  Barracks Reactor  
  23  2:26  SCV  
  24  2:36  Hellion  
  26  2:39  Starport  
  26  2:40  SCV  
  27  2:53  SCV  
  27  2:54  Marine x2  
  29  3:01  Widow Mine  
  31  3:08  SCV  
  31  3:09  Orbital Command  
  31  3:11  Marine x2  
  34  3:17  Medivac  
  36  3:20  SCV  
  36  3:24  Widow Mine  
  39  3:31  Marine  
  39  3:32  Marine  
  39  3:33  SCV  
  42  3:35  SCV  
  42  3:41  Supply Depot  
  43  3:45  SCV  
  43  3:47  Factory Tech Lab, SCV  
  43  3:48  Starport Tech Lab  
  45  3:57  SCV  
  45  4:02  Marine x2, SCV  
  49  4:04  Supply Depot  
  49  4:06  Raven  
  49  4:09  SCV  
  52  4:15  SCV  
  53  4:21  Marine, SCV  
  52  4:27  SCV  
  50  4:32  Marine  
  50  4:33  SCV  
  50  4:39  Marine, Siege Tank, SCV  
  50  4:40  Supply Depot  
  50  4:45  SCV  
  54  4:49  Barracks  
  54  4:50  Marine  
  54  4:51  SCV  
  56  4:53  Barracks  
  56  4:57  SCV  
  57  5:03  SCV  
  57  5:04  Refinery  
  57  5:05  Marine, Engineering Bay  
  59  5:08  Marine  
  59  5:09  SCV  
  59  5:10  Supply Depot  
  61  5:15  SCV  
  61  5:17  Siege Tank  
  65  5:21  SCV  
  65  5:23  Marine, Refinery  
  65  5:25  Marine  
  65  5:27  SCV  
  69  5:32  Starport Reactor  
  69  5:33  Terran Infantry Weapons Level 1  
  69  5:34  Supply Depot, SCV  
  70  5:39  SCV  
  70  5:41  Supply Depot  
  71  5:44  Marine x2  
  71  5:46  SCV  
  74  5:50  Marauder, Stimpack  
  74  5:51  SCV  
  77  5:57  Supply Depot  
  77  5:58  SCV  
  77  6:01  Marauder  
  77  6:03  SCV  
  81  6:06  Command Center  
  81  6:10  SCV  
  82  6:14  Medivac x2  
  82  6:16  Marine  
  82  6:17  Marine  
  90  6:18  Marauder  
  90  6:22  Marauder  
  90  6:23  SCV x2  
  94  6:26  Combat Shield  
  94  6:34  Supply Depot  
  94  6:35  Marine x2, SCV x2  
  94  6:39  Factory Reactor  
  98  6:42  Barracks  
  98  6:43  Barracks  
  98  6:47  SCV x2  
  98  6:49  Marauder  
  102  6:55  Marine x2, Medivac x2, Marauder  
  110  7:06  Supply Depot  
  110  7:18  Marine x2, Marauder x2, SCV x2  
  118  7:23  Orbital Command  
  118  7:29  Terran Infantry Armor Level 1  
  117  7:30  SCV x2  
  117  7:36  Marine x2  
  118  7:42  Marauder x2, Barracks Tech Lab, SCV  
  118  7:43  Viking x2  
  124  7:46  SCV  
  124  7:48  Supply Depot  
  125  7:53  Marine x2  
  125  7:54  SCV  
  125  7:57  Supply Depot  
  125  7:59  Marine x2  
  125  8:01  Marauder  
  125  8:02  Refinery, SCV x2  
  125  8:04  Marauder, Refinery  
  133  8:09  SCV  
  133  8:11  Marine x2, Ghost Academy  
  136  8:19  Viking x2  
  140  8:22  Marine x2  
  140  8:24  Marauder  
  140  8:25  Marauder  
  146  8:33  Marine  
  142  8:34  Marauder, Marine  
  142  8:40  Marine x2  
  133  8:46  Marauder x2  
  133  8:48  Orbital Command  
  130  8:49  Viking  
  130  8:51  Marine  
  127  8:58  Marine  
  125  9:04  Marauder  
  125  9:07  Marauder  
  111  9:13  Marauder  
  108  9:28  Marine  
  108  9:29  Marauder  
  108  9:31  Orbital Command  
  107  9:43  Supply Depot  
  109  9:49  Ghost  
  109  9:53  Ghost  
  111  10:07  Supply Depot  
  111  10:08  Ghost  
  111  10:09  Marine  
  111  10:10  Marine x2  
  111  10:11  Concussive Shells  
  111  10:13  Marine  
  117  10:18  Refinery  
  117  10:19  Orbital Command  
  117  10:23  Marine, Marauder  
  117  10:27  Marine  
  120  10:35  Marine  
  120  10:36  Marine  
  120  10:37  Marauder  
  120  10:41  Marauder  
  110  10:46  Marine  
  110  10:47  Marauder  
  110  10:49  Marine  
  84  10:51  SCV x2  
  84  10:53  Marine, SCV  
  91  11:03  SCV x2  
Show
View Real Time Build Order
Export as new Build Order

PtitDrogo Protoss 

Build Orders: 1 Gate Expand, Zealot Archon, Colossus Rush 

Get SALT Encoding   

  12  0:00  Probe  
  13  0:12  Probe  
  14  0:17  Pylon  
  14  0:25  Probe  
  15  0:34  Probe  
  15  0:35  Gateway  
  15  0:42  Probe  
  16  0:47  Assimilator  
  17  0:52  Probe  
  18  1:04  Probe  
  19  1:16  Probe  
  20  1:23  Cybernetics Core  
  20  1:34  Nexus  
  20  1:40  Pylon  
  20  1:42  Probe  
  21  1:48  Assimilator  
  21  1:49  Stalker  
  21  1:54  Probe  
  24  2:05  Warp Gate  
  24  2:06  Probe  
  25  2:09  Stalker  
  25  2:21  Probe  
  28  2:33  Probe  
  29  2:42  Probe, Robotics Facility  
  29  2:45  Probe  
  29  2:50  Probe  
  31  2:57  Probe  
  33  3:01  Probe  
  34  3:09  Probe  
  35  3:13  Sentry, Probe  
  35  3:17  Gateway  
  35  3:18  Gateway  
  38  3:21  Pylon, Probe  
  38  3:22  Observer  
  38  3:25  Probe  
  40  3:33  Probe  
  42  3:37  Probe  
  42  3:38  Assimilator  
  42  3:40  Assimilator  
  43  3:42  Observer  
  43  3:45  Probe  
  43  3:48  Probe  
  45  3:54  Stalker  
  48  3:56  Probe  
  48  3:57  Pylon  
  48  3:58  Probe  
  50  4:04  Probe  
  51  4:10  Probe  
  51  4:11  Stalker  
  51  4:15  Probe  
  55  4:22  Probe  
  55  4:27  Stalker x2, Probe  
  60  4:34  Probe  
  61  4:39  Probe  
  62  4:46  Robotics Bay  
  62  4:55  Nexus  
  62  4:58  Pylon, Probe  
  62  5:01  Twilight Council  
  62  5:11  Pylon  
  62  5:12  Probe x2  
  62  5:19  Colossus  
  62  5:20  Probe x2  
  64  5:21  Charge  
  66  5:30  Probe x2  
  74  5:42  Probe x2, Extended Thermal Lance  
  75  5:54  Probe x2, Templar Archives  
  75  5:56  Gateway x2  
  77  6:00  Gateway  
  77  6:01  Pylon  
  77  6:06  Colossus  
  77  6:10  Probe x3  
  86  6:21  Gateway x2  
  86  6:22  Probe  
  86  6:25  Shield Battery, Gateway  
  87  6:26  Zealot  
  87  6:28  Zealot  
  87  6:30  Zealot  
  93  6:33  Pylon  
  93  6:36  Pylon  
  93  6:47  High Templar  
  93  6:49  Probe x2  
  93  6:50  High Templar  
  93  6:51  High Templar x2  
  93  6:52  Pylon, Warp Prism  
  93  6:53  Probe  
  104  6:56  Archon  
  104  6:57  Zealot x2  
  104  7:00  Observer  
  104  7:01  Assimilator  
  108  7:04  Assimilator  
  110  7:10  Pylon  
  110  7:16  Zealot x2  
  114  7:24  Zealot x6  
  114  7:28  Zealot  
  103  7:37  Stalker x2  
  107  7:44  High Templar  
  109  7:52  Zealot x2  
  109  7:53  Zealot x4  
  121  7:59  Probe x2  
  121  8:00  Probe  
  121  8:01  Pylon  
  121  8:05  Archon  
  124  8:09  High Templar  
  124  8:10  High Templar  
  124  8:11  Probe  
  129  8:12  Pylon  
  129  8:14  Pylon, Archon  
  129  8:16  High Templar, Zealot  
  129  8:19  Pylon  
  133  8:24  Archon  
  133  8:27  Zealot x4  
  109  8:46  Zealot  
  109  8:48  Zealot x8  
  105  9:13  Zealot x8  
  105  9:14  Zealot  
  102  9:33  High Templar  
  100  9:45  High Templar x3  
  106  9:49  Archon  
  106  9:59  Archon  
  106  10:02  Zealot x2  
  106  10:03  Zealot  
  112  10:13  Zealot  
  114  10:18  Zealot  
  116  10:22  Zealot  
  57  10:55  Zealot x4  
  58  10:59  Zealot x2  
  38  11:12  Zealot  
Tags
 
Add a new tag
Caveats
  • Supply blocks, unpowered buildings, or Contaminate may cause inaccurate times.
  • Supply counts are checked every 10 seconds.